 Dungeon Crawl Stone Soup version 0.30-a0-859-gf88a04b62d (webtiles) character file.

Game seed: 4140293098547804315

919 Newt the Skirmisher (level 8, -6/49 HPs)
             Began as a Kobold Hunter on Mar 6, 2023.
             Was an Initiate of Hepliaklqana.
             Mangled by an ogre
             ... wielding a +0 giant club
              (27 damage)
             ... on level 5 of the Dungeon.
             The game lasted 00:05:43 (4742 turns).

Newt the Skirmisher (Kobold Hunter)                 Turns: 4742, Time: 00:05:43

Health: -6/49      AC:  6    Str:  8    XL:     8   Next: 31%
Magic:  8/8        EV: 18    Int: 10    God:    Hepliaklqana [......]
Gold:   194        SH:  0    Dex: 21    Spells: 7/7 levels left

rFire   . . .      SeeInvis .    a - +0 shortbow
rCold   . . .      Faith    .    (shield currently unavailable)
rNeg    . . .      Spirit   .    c - +0 leather armour
rPois   .          Reflect  .    m - +1 hat
rElec   .          Rampage  .    r - +0 cloak
rCorr   .                        k - +0 pair of gloves
Will    +....                    (no boots)
Stlth   +++                      (no amulet)
HPRegen 0.28/turn                n - ring of willpower
MPRegen 0.11/turn                d - ring of wizardry

@: no status effects
A: small, no large weapons, nightstalker 3
a: Renounce Religion


You were on level 5 of the Dungeon.
You worshipped Hepliaklqana.
Hepliaklqana was noncommittal.
You visited 2 branches of the dungeon, and saw 6 of its levels.

You collected 194 gold pieces.

Inventory:

Hand Weapons
 a - a +0 shortbow (weapon)
Armour
 c - a +0 leather armour (worn)
 k - a +0 pair of gloves (worn)
 m - a +1 hat (worn)
 r - a +0 cloak (worn)
Jewellery
 d - a ring of wizardry (right hand)
 n - a ring of willpower (left hand)
 s - a +6 ring of dexterity
 w - a +4 ring of protection
Wands
 e - a wand of quicksilver (13)
 y - a wand of flame (7)
Scrolls
 b - 2 scrolls of immolation
 f - 3 scrolls of teleportation
 p - a scroll of brand weapon {unknown}
 t - 2 scrolls of amnesia {unknown}
 v - 3 scrolls of identify
 B - a scroll of fear {unknown}
 C - a scroll of silence {unknown}
Potions
 g - 2 potions of cancellation
 h - 2 potions of brilliance
 i - 2 potions of resistance {unknown}
 j - a potion of heal wounds
 l - a potion of attraction {unknown}
 o - 2 potions of curing
 q - 2 potions of might {unknown}
 u - a potion of flight {unknown}
 x - 2 potions of ambrosia {unknown}
 z - a potion of invisibility {unknown}
 A - a potion of mutation {unknown}


   Skills:
 - Level 5.0 Fighting
 - Level 10.0 Ranged Weapons
 - Level 6.0 Dodging
 - Level 1.3 Stealth
 + Level 0.8 Evocations


You had 7 spell levels left.
You didn't know any spells.
Your spell library contained the following spells:

 Spells                   Type           Power      Damage    Failure   Level
 Hailstorm                Conj/Ice       0%         3d3       52%         3
 Ice Form                 Ice/Tmut       0%         N/A       89%         4
 Simulacrum               Ice/Necr       0%         N/A       100%        6


Dungeon Overview and Level Annotations

Branches:
Dungeon (5/15)             Temple (1/1) D:5

Altars:
Ashenzari
Dithmenos
Fedhas
Hepliaklqana
Kikubaaqudgha
Makhleb
Okawaru
Qazlal
Ru
Trog
Uskayaw
Vehumet
Yredelemnul
Zin
The Shining One

Shops:
D:4 *


Innate Abilities, Weirdness & Mutations

You are small and have problems with some larger weapons.
You are completely attuned to the shadows.


Message History

You shoot an arrow. The arrow hits the gnoll.
The gnoll is severely wounded.
The gnoll completely misses you.
You shoot an arrow. The arrow completely misses the gnoll.
The gnoll hits you with a +0 whip!
You shoot an arrow. The arrow hits the gnoll!
You kill the gnoll!
No target in view!
No target in view!
HP restored.
There is an open door here.
Things that are here:
a +0 whip; a gnoll corpse An ogre comes into view.
It is wielding a +0 giant club.
The ogre shouts!
An ogre is nearby!
An ogre is nearby!
You shoot an arrow. The arrow closely misses the ogre.
You shoot an arrow. The arrow barely misses the ogre.
You shoot an arrow. The arrow hits the ogre.
The ogre is lightly wounded.
The ogre completely misses you.
You shoot an arrow. The arrow barely misses the ogre.
The ogre closely misses you.
You shoot an arrow. The arrow hits the ogre.
The ogre is moderately wounded.
You shoot an arrow. The arrow hits the ogre.
The ogre is heavily wounded.
The ogre hits you with a +0 giant club!!
Ouch! That really hurt!
You are too injured to fight recklessly!
You are too injured to fight recklessly!
You are too injured to fight recklessly!
You are too injured to fight recklessly!
Unknown command.
You shoot an arrow. The arrow hits the ogre!
The ogre is almost dead.
The ogre hits you with a +0 giant club!!
Ouch! That really hurt!
You die...

################
#..............#
#.############@#
#.# #O# #.# #.#
###.# #.# ....#
#.# ....#
....#####
(........
.........


You could see an ogre.

Vanquished Creatures
  Eustachio (D:4)
  A black bear (D:5)
  An ogre (D:2)
  A phantom (D:4)
  2 scorpions
  2 orc priests
  Crazy Yiuf (D:3)
  3 hounds
  Ijyb (D:4)
  An orc wizard (D:5)
  5 adders
  4 gnolls (D:5)
  A worm (D:3)
  2 dart slugs (D:2)
  12 orcs
  6 endoplasms
  5 giant cockroaches
  5 goblins
  6 hobgoblins
  9 jackals
  7 quokkas
  11 ball pythons
  5 bats
  4 frilled lizards
  3 kobolds
  2 rats
101 creatures vanquished.

Notes
Turn   | Place    | Note
-------+----------+-------------------------------------------
     0 | D:1      | Newt the Kobold Hunter began the quest for the Orb.
     0 | D:1      | Reached XP level 1. HP: 12/12 MP: 1/1
   178 | D:1      | Reached XP level 2. HP: 18/18 MP: 2/2
   350 | D:1      | You fall into a shaft and drop 1 floor!
   449 | D:1      | Reached XP level 3. HP: 23/23 MP: 3/3
   950 | D:2      | Reached XP level 4. HP: 30/30 MP: 4/4
  1080 | D:2      | Noticed an ogre
  1165 | D:2      | Killed an ogre
  1166 | D:2      | Reached skill level 5 in Fighting
  1166 | D:2      | Reached skill level 6 in Ranged Weapons
  1166 | D:2      | Reached XP level 5. HP: 35/35 MP: 5/5
  1962 | D:3      | Found a runed translucent door.
  1965 | D:3      | Noticed Crazy Yiuf
  1970 | D:3      | Killed Crazy Yiuf
  2113 | D:3      | Reached skill level 7 in Ranged Weapons
  2181 | D:3      | Reached XP level 6. HP: 40/40 MP: 6/6
  2448 | D:4      | Reached skill level 8 in Ranged Weapons
  2779 | D:4      | Found Yzikh's General Store.
  2880 | D:4      | Noticed Ijyb
  2894 | D:4      | Noticed Eustachio
  3343 | D:4      | Reached XP level 7. HP: 41/44 MP: 7/7
  3366 | D:4      | Reached skill level 9 in Ranged Weapons
  3472 | D:4      | Killed Ijyb
  3655 | D:4      | Killed Eustachio
  3656 | D:4      | Reached skill level 10 in Ranged Weapons
  3794 | D:5      | Entered Level 5 of the Dungeon
  4040 | D:5      | Found a staircase to the Ecumenical Temple.
  4060 | Temple   | Entered the Ecumenical Temple
  4180 | Temple   | Became a worshipper of Hepliaklqana the Forgotten
  4218 | D:5      | Reached XP level 8. HP: 49/49 MP: 8/8
  4313 | D:5      | Reached skill level 5 in Dodging
  4742 | D:5      | Mangled by an ogre

Illustrated notes

Levels and vault maps discovered:
D:1:      spicycebolla_arrival_ecumenical, layout_basic
D:2:      layout_rooms, minmay_strange_pillars
D:3:      layout_basic, minmay_misc_feat_secret_circle, uniq_crazy_yiuf_cottage
D:4:      layout_basic, serial_shops, nicolae_take_the_stairs, uniq_eustachio,
          uniq_ijyb
D:5:      layout_basic, minmay_temple_entry_junction
Temple:   kilobyte_greek_temple

Skill      XL: |  1  2  3  4  5  6  7  8 |
---------------+-------------------------+-----
Fighting       | 3 4 5 |  5.0
Ranged Weapons | 6 7 8 10 | 10.0
Dodging        | 4 6 |  6.0
Stealth        | |  1.3
Evocations     | |  0.8

Action                     |  1- 3 |  4- 6 |  7- 9 || total
---------------------------+-------+-------+-------++-------
   Fire: Shortbow          |    56 |   147 |   127 ||   330
    Use: Scroll            |       |     7 |       ||     7
         Potion            |       |     1 |       ||     1
 Armour: Leather armour    |     7 |    35 |    37 ||    79
  Dodge: Dodged            |    26 |   100 |   111 ||   237

Table legend: (Time is in decaauts)
 A = Elapsed time spent in this place.
 B = Non-inter-level travel time spent in this place.
 C = Inter-level travel time spent in this place.
 D = Time resting spent in this place.
 E = Time spent auto-exploring this place.
 F = Levels seen in this place.
 G = Mean time per level.
                   A        B        C        D        E       F      G
               +--------+--------+--------+--------+--------+-----+--------+
         Total |   4796 |   4554 |    242 |   1217 |   2683 |   6 |  799.3 |
       Dungeon |   4646 |   4433 |    213 |   1217 |   2573 |   5 |  929.2 |
        Temple |    150 |    121 |     29 |      0 |    110 |   1 |  150.0 |
               +--------+--------+--------+--------+--------+-----+--------+

Top non-repeatable levels by time:
     D:4: 1149 daAuts
     D:3: 997 daAuts
     D:2: 957 daAuts
     D:1: 773 daAuts
     D:5: 767 daAuts
  Temple: 150 daAuts
